 Dungeon Crawl Stone Soup version 0.28-a0-206-gc2c9e32840 (webtiles) character file.

Game seed: 3050542501109251302

95 willcat the Sneak (level 4, -1/28 HPs)
             Began as a Kobold Delver on Aug 20, 2021.
             Slain by a scorpion (8 damage)
             ... on level 6 of the Dungeon.
             The game lasted 00:00:59 (253 turns).

willcat the Sneak (Kobold Delver)                    Turns: 253, Time: 00:01:00

Health: -1/28      AC:  3    Str:  9    XL:     4   Next: 95%
Magic:  4/4        EV: 16    Int: 11    God:
Gold:   0          SH:  0    Dex: 17    Spells: 3/3 levels left

rFire   . . .      SeeInvis .   b - +0 dagger
rCold   . . .      Faith    .   (shield restricted)
rNeg    + . .      Spirit   .   j - +1 robe {rN+}
rPois   .          Reflect  .   (no helmet)
rElec   .          Harm     .   (no cloak)
rCorr   .          Rampage  .   (no gloves)
Will    .....                   (no boots)
Stlth   +++++.....              (no amulet)
HPRegen 0.09/turn               (no ring)
MPRegen 0.09/turn               (no ring)

@: brilliant, lethally poisoned (-1 -> -5)
A: small, no large weapons, nightstalker 3
a: no special abilities


You were on level 6 of the Dungeon.
You visited 1 branch of the dungeon, and saw 2 of its levels.

Inventory:

Hand Weapons
 a - a +0 short sword
 b - a +0 dagger (weapon)
Armour
 h - a +0 leather armour
 j - a +1 robe of positive energy (worn)
Wands
 g - a wand of digging (3)
Scrolls
 c - a scroll of fog
 d - a scroll of magic mapping
 k - a scroll of summoning {unknown}
 l - a scroll of identify {unknown}
 m - a scroll of brand weapon {unknown}
Potions
 f - a potion of haste


   Skills:
 - Level 3.2 Fighting
 + Level 4.2 Short Blades
 + Level 3.8 Dodging
 + Level 7.5 Stealth


You had 3 spell levels left.
You didn't know any spells.
Your spell library was empty.

Dungeon Overview and Level Annotations

Branches:
Dungeon (6/15)
 Temple: D:4-7

Altars:
Elyvilon
Zin
The Shining One


Innate Abilities, Weirdness & Mutations

You are small and have problems with some larger weapons.
You are completely attuned to the shadows.


Message History

The puff of flame hits you! The orc wizard casts a spell at you.
The puff of flame hits you.
Found 12 gold pieces.
There is a stone staircase leading down here.
The orc wizard misses you.
You climb downwards.
A scorpion comes into view.
Found 17 arrows.
There is a stone staircase leading up here.
A scorpion is nearby!
It was a potion of brilliance.
You feel clever all of a sudden.
Okay, then.
As you read the scroll of fear, it crumbles to dust.
You assume a fearsome visage.
The scorpion looks frightened!
Found 18 bolts.
You start resting.
A scorpion is nearby!
Okay, then.
You hit the scorpion but do no damage. The scorpion stings you.
You hit the scorpion but do no damage. The scorpion closely misses you.
You closely miss the scorpion. The scorpion closely misses you.
You barely miss the scorpion. The scorpion stings you.
You are poisoned.
The scorpion poisons you!
You hit the scorpion.
The scorpion is lightly wounded.
You feel sick. The scorpion stings you.
You hit the scorpion but do no damage.
The scorpion is lightly wounded.
You feel sick. The scorpion closely misses you.
Unknown command.
You hit the scorpion but do no damage.
The scorpion is lightly wounded.
You feel sick. The scorpion completely misses you.
You barely miss the scorpion.
The scorpion is lightly wounded.
You feel sick. The scorpion stings you!
You die...

### ##@# ##.s##
##....#
#....####
##....#.####
#.........#.##
#......##..<.#
#.....(##....#
#.........#....


You could see a scorpion.

Vanquished Creatures
  Blork the orc (D:5)
  An iguana (D:5)
  2 orcs (D:5)
4 creatures vanquished.

Notes
Turn   | Place    | Note
-------+----------+-------------------------------------------
     0 | D:5      | willcat the Kobold Delver began the quest for the Orb.
     0 | D:5      | Reached XP level 1. HP: 14/14 MP: 1/1
    50 | D:5      | Found a glowing golden altar of the Shining One.
    50 | D:5      | Found a white marble altar of Elyvilon.
    51 | D:5      | Found a glowing silver altar of Zin.
   104 | D:5      | Noticed an iguana
   108 | D:5      | Killed an iguana
   109 | D:5      | Reached skill level 7 in Stealth
   109 | D:5      | Reached XP level 2. HP: 19/19 MP: 2/2
   109 | D:5      | Reached XP level 3. HP: 23/23 MP: 3/3
   109 | D:5      | Noticed Blork the orc
   113 | D:5      | Killed Blork the orc
   114 | D:5      | Reached XP level 4. HP: 28/28 MP: 4/4
   182 | D:6      | Noticed a scorpion
   253 | D:6      | Slain by a scorpion

Illustrated notes

Levels and vault maps discovered:
D:5:      layout_loops_cross, good_gods_temple_1,
          chequers_temple_overflow_minitemple, minmay_temple_entry_junction,
          uniq_blork_the_orc
D:6:      layout_cave_pools

Skill      XL: |  1  2  3 |
---------------+----------+-----
Short Blades   | 3 4 |  4.2
Dodging        | 3 |  3.8
Stealth        | 7 |  7.5
Fighting       | |  3.2

Action                   |  1- 3 |  4- 6 || total
-------------------------+-------+-------++-------
Melee: Dagger            |     2 |    14 ||    16
       Short sword       |     1 |       ||     1
  Use: Scroll            |       |     1 ||     1
       Potion            |       |     1 ||     1
 Stab: Sleeping          |     3 |       ||     3
Dodge: Dodged            |       |     9 ||     9

Table legend: (Time is in decaauts)
 A = Elapsed time spent in this place.
 B = Non-inter-level travel time spent in this place.
 C = Inter-level travel time spent in this place.
 D = Time resting spent in this place.
 E = Time spent auto-exploring this place.
 F = Levels seen in this place.
 G = Mean time per level.
                   A        B        C        D        E       F      G
               +--------+--------+--------+--------+--------+-----+--------+
         Total |    249 |    249 |      0 |     48 |    118 |   2 |  124.5 |
       Dungeon |    249 |    249 |      0 |     48 |    118 |   2 |  124.5 |
               +--------+--------+--------+--------+--------+-----+--------+

Top non-repeatable levels by time:
     D:5: 180 daAuts
     D:6: 69 daAuts
